TOP OF THE 1ST |
Vanderbilt University Commodores batting - Pitching for Stanford University Cardinal : RHP Warren Waldman
|
Pitching: RHP Warren Waldman
|
|
Batting: LHB Nate Greening
|
0-0: Foul Ball, location: 2F 0-1: Ball 1-1: Ball 2-1: Foul Ball, location: 2F 2-2: Foul Ball, location: 2F 2-2: Ball 3-2: Foul Ball, location: 2F 3-2: Hit by Pitch
|
Batting: LHB Mario Garza
|
0-0: Swinging Strike 0-1: Called Strike Nate Greening is caught stealing 2nd base 2-6 0-2: Ball 1-2: Strikes out swinging
|
Batting: RHB Luis Jara
|
0-0: Called Strike 0-1: Called Strike 0-2: Ground out 6-3 (Groundball, 6, EV 101.9 MPH)
|
Top of the 1st over - 0 runs, 0 hits, 0 errors, 0 left on base; Vanderbilt University 0 - Stanford University 0 |
BOTTOM OF THE 1ST |
Stanford University Cardinal batting - Pitching for Vanderbilt University Commodores : LHP Choji Tominaga
|
Pitching: LHP Choji Tominaga
|
|
Batting: RHB Troy Bush
|
0-0: Ball 1-0: Reached on error, E5 (Groundball, 56, EV 96.2 MPH)
|
Batting: RHB Joe Gabriel
|
0-0: Called Strike 0-1: Foul Ball, location: 2F 0-2: Strikes out swinging
|
Batting: RHB Guillermo Puente
|
0-0: Ball 1-0: SINGLE (Groundball, 6D, EV 95.6 MPH) Troy Bush to third Runner from 3rd tries for Home, throw by LF and OUT! 7-2
|
Batting: RHB Trent Spivey
|
0-0: Ball 1-0: Foul Ball, location: 2F 1-1: Fielders Choice at 2nd, 6-4 (Groundball, 6, EV 75.6 MPH)
|
Bottom of the 1st over - 0 runs, 1 hit, 1 error, 1 left on base; Vanderbilt University 0 - Stanford University 0 |
TOP OF THE 2ND |
Vanderbilt University Commodores batting - Pitching for Stanford University Cardinal : RHP Warren Waldman
|
Batting: LHB Pete Mitchell
|
0-0: Ball 1-0: Swinging Strike 1-1: Ball 2-1: Called Strike 2-2: Ball 3-2: Base on Balls
|
Batting: RHB Gary Smith
|
0-0: Called Strike 0-1: Foul Ball, location: 2F 0-2: SINGLE (Groundball, 6MD, EV 96.2 MPH) Pete Mitchell to second
|
Batting: RHB Pakiana Kileona
|
0-0: Ball 1-0: Ball 2-0: Foul Ball, location: 2F 2-1: Swinging Strike 2-2: Foul Ball, location: 2F 2-2: Ball 3-2: Strikes out swinging
|
Batting: LHB Raul Aldaz
|
0-0: Ball 1-0: Swinging Strike 1-1: Foul Ball, location: 2F 1-2: SINGLE (Groundball, 3S, EV 68.8 MPH) (infield hit) Pete Mitchell to third Gary Smith to second
|
Batting: SHB Felipe Campanella
|
0-0: Ball 1-0: Called Strike 1-1: Foul Ball, location: 2F 1-2: Ball 2-2: Fly out, F8 (Flyball, 8RXD, EV 95.6 MPH) Runner from 3rd tags up, SCORES, no throw by CF Gary Smith to third
|
Batting: RHB Martin Darrington
|
0-0: Ball 1-0: Foul Ball, location: 2F 1-1: Swinging Strike 1-2: Ball 2-2: Foul Ball, location: 2F 2-2: Ball 3-2: Strikes out swinging
|
Top of the 2nd over - 1 run, 2 hits, 0 errors, 2 left on base; Vanderbilt University 1 - Stanford University 0 |
BOTTOM OF THE 2ND |
Stanford University Cardinal batting - Pitching for Vanderbilt University Commodores : LHP Choji Tominaga
|
Batting: SHB Danny Gallegos
|
0-0: Ball 1-0: Ground out 6-3 (Groundball, 56D, EV 86.9 MPH)
|
Batting: RHB Robert Mason
|
0-0: Foul Ball, location: 2F 0-1: Called Strike 0-2: Ball 1-2: Foul Ball, location: 2F 1-2: Fly out, F2 (Popup, 2RF, EV 91.9 MPH)
|
Batting: LHB Terry Bayer
|
0-0: Foul Ball, location: 2F 0-1: Ball 1-1: Swinging Strike 1-2: Ball 2-2: Foul Ball, location: 2F 2-2: Foul Ball, location: 2F 2-2: Ball 3-2: Fly out, F9 (Flyball, 9D, EV 75.6 MPH)
|
Bottom of the 2nd over - 0 runs, 0 hits, 0 errors, 0 left on base; Vanderbilt University 1 - Stanford University 0 |
TOP OF THE 3RD |
Vanderbilt University Commodores batting - Pitching for Stanford University Cardinal : RHP Warren Waldman
|
Batting: LHB Nate Greening
|
0-0: Called Strike 0-1: Ball 1-1: SINGLE (Flyball, 5D, EV 96.2 MPH)
|
Batting: LHB Mario Garza
|
0-0: Ball Nate Greening steals 2nd base 1-0: Fly out, F8 (Flyball, 8LM, EV 81.2 MPH)
|
Batting: RHB Luis Jara
|
0-0: Swinging Strike 0-1: Swinging Strike 0-2: Ball 1-2: Ground out 6-3 (Groundball, 6M, EV 78.1 MPH) Nate Greening to third
|
Batting: LHB Pete Mitchell
|
0-0: Ball 1-0: Called Strike 1-1: Ball 2-1: Swinging Strike 2-2: Strikes out swinging
|
Top of the 3rd over - 0 runs, 1 hit, 0 errors, 1 left on base; Vanderbilt University 1 - Stanford University 0 |
BOTTOM OF THE 3RD |
Stanford University Cardinal batting - Pitching for Vanderbilt University Commodores : LHP Choji Tominaga
|
Batting: RHB Jose Garduno
|
0-0: Called Strike 0-1: Foul Ball, location: 2F 0-2: Foul Ball, location: 2F 0-2: Ball 1-2: Ball 2-2: Strikes out looking
|
Batting: RHB Soichi Kaneshiro
|
0-0: Fly out, F5 (Popup, 5L, EV 75.0 MPH)
|
Batting: RHB Troy Bush
|
0-0: Ball 1-0: Called Strike 1-1: Ball 2-1: Ball 3-1: Foul Ball, location: 2F 3-2: Foul Ball, location: 2F 3-2: Strikes out looking
|
Bottom of the 3rd over - 0 runs, 0 hits, 0 errors, 0 left on base; Vanderbilt University 1 - Stanford University 0 |
TOP OF THE 4TH |
Vanderbilt University Commodores batting - Pitching for Stanford University Cardinal : RHP Warren Waldman
|
Batting: RHB Gary Smith
|
0-0: Called Strike 0-1: Ball 1-1: Ground out 3-1 (Groundball, 34, EV 82.5 MPH)
|
Batting: RHB Pakiana Kileona
|
0-0: Called Strike 0-1: Ball 1-1: DOUBLE (Groundball, 5L, EV 98.1 MPH)
|
Batting: LHB Raul Aldaz
|
0-0: Called Strike 0-1: Ball 1-1: Foul Ball, location: 2F 1-2: Ball 2-2: Ball 3-2: SINGLE (Groundball, 34D, EV 110.0 MPH) Pakiana Kileona to third Runner from 3rd tries for Home, SAFE, throw by RF to home
|
Batting: SHB Felipe Campanella
|
0-0: Swinging Strike 0-1: Ball 1-1: Ball 2-1: Called Strike 2-2: Foul Ball, location: 2F 2-2: Grounds out, U3 (Groundball, 3L, EV 91.9 MPH)
|
Batting: RHB Martin Darrington
|
0-0: Fly out, F9 (Flyball, 8RS, EV 86.2 MPH)
|
Top of the 4th over - 1 run, 2 hits, 0 errors, 1 left on base; Vanderbilt University 2 - Stanford University 0 |
BOTTOM OF THE 4TH |
Stanford University Cardinal batting - Pitching for Vanderbilt University Commodores : LHP Choji Tominaga
|
Batting: RHB Joe Gabriel
|
0-0: Ball 1-0: Called Strike 1-1: Ball 2-1: Foul Ball, location: 2F 2-2: Foul Ball, location: 2F 2-2: Foul Ball, location: 2F 2-2: Ball 3-2: Foul Ball, location: 2F 3-2: Fly out, F9 (Line Drive, 89M, EV 93.1 MPH)
|
Batting: RHB Guillermo Puente
|
0-0: Ball 1-0: DOUBLE (Line Drive, 9LS, EV 93.8 MPH)
|
Batting: RHB Trent Spivey
|
0-0: Ball 1-0: Ball 2-0: Ground out 4-3 (Groundball, 4, EV 76.9 MPH) Guillermo Puente to third
|
Batting: SHB Danny Gallegos
|
0-0: Fly out, F9 (Flyball, 9D, EV 90.0 MPH)
|
Bottom of the 4th over - 0 runs, 1 hit, 0 errors, 1 left on base; Vanderbilt University 2 - Stanford University 0 |
TOP OF THE 5TH |
Vanderbilt University Commodores batting - Pitching for Stanford University Cardinal : RHP Warren Waldman
|
Pitching: RHP Eddie Georges
|
|
Batting: LHB Nate Greening
|
0-0: Called Strike 0-1: Ground out 1-3 (Groundball, 34S, EV 67.5 MPH)
|
Batting: LHB Mario Garza
|
0-0: Ball 1-0: Ball 2-0: Ground out 6-3 (Groundball, 6, EV 84.4 MPH)
|
Batting: RHB Luis Jara
|
0-0: Called Strike 0-1: Ball 1-1: Ball 2-1: SOLO HOME RUN (Line Drive, 7D, EV 102.5 MPH), Distance : 401 ft
|
Batting: LHB Pete Mitchell
|
0-0: Swinging Strike 0-1: Called Strike 0-2: Ball 1-2: Foul Ball, location: 2F 1-2: Foul Ball, location: 7LSF, Error on foul ball, E7 1-2: Ball 2-2: Fly out, F9 (Line Drive, 9LM, EV 106.2 MPH)
|
Top of the 5th over - 1 run, 1 hit, 1 error, 0 left on base; Vanderbilt University 3 - Stanford University 0 |
BOTTOM OF THE 5TH |
Stanford University Cardinal batting - Pitching for Vanderbilt University Commodores : LHP Choji Tominaga
|
Batting: RHB Robert Mason
|
0-0: SINGLE (Groundball, 3D, EV 95.0 MPH)
|
Batting: LHB Terry Bayer
|
0-0: Ball 1-0: Foul Ball, location: 2F 1-1: Fielders Choice at 2nd, 4-6 (Groundball, 34S, EV 85.6 MPH)
|
Batting: RHB Jose Garduno
|
0-0: Fly out, F9 (Flyball, 9S, EV 90.6 MPH)
|
Batting: RHB Soichi Kaneshiro
|
0-0: Foul Ball, location: 2F 0-1: Ball 1-1: Ball 2-1: Swinging Strike 2-2: Foul Ball, location: 2F 2-2: Ball 3-2: Ground out 5-3 (Groundball, 56, EV 108.8 MPH)
|
Bottom of the 5th over - 0 runs, 1 hit, 0 errors, 1 left on base; Vanderbilt University 3 - Stanford University 0 |
TOP OF THE 6TH |
Vanderbilt University Commodores batting - Pitching for Stanford University Cardinal : RHP Eddie Georges
|
Batting: RHB Gary Smith
|
0-0: Ball 1-0: Ball 2-0: Foul Ball, location: 2F 2-1: Ball 3-1: Base on Balls
|
Batting: RHB Pakiana Kileona
|
0-0: Ball 1-0: Foul Ball, location: 2F 1-1: Ball 2-1: Fly out, F5 (Popup, 5, EV 60.6 MPH)
|
Pitching: RHP Kyle Cannon
|
|
Batting: LHB Raul Aldaz
|
0-0: Ball 1-0: Ball 2-0: Called Strike 2-1: Called Strike 2-2: Fly out, F7 (Line Drive, 78M, EV 94.4 MPH)
|
Batting: SHB Felipe Campanella
|
0-0: Called Strike 0-1: 2-RUN HOME RUN (Line Drive, 9D, EV 105.6 MPH), Distance : 393 ft
|
Batting: RHB Martin Darrington
|
0-0: Ball 1-0: Foul Ball, location: 2F 1-1: Ball 2-1: Foul Ball, location: 2F 2-2: Strikes out swinging
|
Top of the 6th over - 2 runs, 1 hit, 0 errors, 0 left on base; Vanderbilt University 5 - Stanford University 0 |
BOTTOM OF THE 6TH |
Stanford University Cardinal batting - Pitching for Vanderbilt University Commodores : LHP Choji Tominaga
|
Batting: RHB Troy Bush
|
0-0: Ball 1-0: Called Strike 1-1: Fly out, F8 (Flyball, 8RD, EV 101.2 MPH)
|
Batting: RHB Joe Gabriel
|
0-0: Called Strike 0-1: Ball 1-1: Ball 2-1: Foul Ball, location: 2F 2-2: Fly out, F8 (Line Drive, 8LD, EV 91.9 MPH)
|
Batting: RHB Guillermo Puente
|
0-0: Ball 1-0: Fly out, F9 (Flyball, 9, EV 80.0 MPH)
|
Bottom of the 6th over - 0 runs, 0 hits, 0 errors, 0 left on base; Vanderbilt University 5 - Stanford University 0 |
TOP OF THE 7TH |
Vanderbilt University Commodores batting - Pitching for Stanford University Cardinal : RHP Kyle Cannon
|
Batting: LHB Nate Greening
|
0-0: Fly out, F8 (Flyball, 78D, EV 80.6 MPH)
|
Batting: LHB Mario Garza
|
0-0: SINGLE (Line Drive, 56D, EV 99.4 MPH)
|
Batting: RHB Luis Jara
|
0-0: Called Strike 0-1: Grounds into double play, 4-6-3 (Groundball, 34S, EV 84.4 MPH)
|
Top of the 7th over - 0 runs, 1 hit, 0 errors, 0 left on base; Vanderbilt University 5 - Stanford University 0 |
BOTTOM OF THE 7TH |
Stanford University Cardinal batting - Pitching for Vanderbilt University Commodores : LHP Choji Tominaga
|
Batting: RHB Trent Spivey
|
0-0: Fly out, F9 (Flyball, 89S, EV 93.8 MPH)
|
Batting: SHB Danny Gallegos
|
0-0: Ball 1-0: Fly out, F7 (Flyball, 78S, EV 85.0 MPH)
|
Batting: RHB Robert Mason
|
0-0: Called Strike 0-1: Ball 1-1: Foul Ball, location: 2F 1-2: Foul Ball, location: 2F 1-2: Fly out, F6 (Line Drive, 6, EV 70.0 MPH)
|
Bottom of the 7th over - 0 runs, 0 hits, 0 errors, 0 left on base; Vanderbilt University 5 - Stanford University 0 |
TOP OF THE 8TH |
Vanderbilt University Commodores batting - Pitching for Stanford University Cardinal : RHP Kyle Cannon
|
Batting: LHB Pete Mitchell
|
0-0: Fly out, F8 (Flyball, 8RXD, EV 101.9 MPH)
|
Batting: RHB Gary Smith
|
0-0: Ball 1-0: Ball 2-0: Ball 3-0: Called Strike 3-1: Ground out 6-3 (Groundball, 6, EV 94.4 MPH)
|
Batting: RHB Pakiana Kileona
|
0-0: Called Strike 0-1: Foul Ball, location: 2F 0-2: Ball 1-2: Ball 2-2: Foul Ball, location: 2F 2-2: Strikes out swinging
|
Top of the 8th over - 0 runs, 0 hits, 0 errors, 0 left on base; Vanderbilt University 5 - Stanford University 0 |
BOTTOM OF THE 8TH |
Stanford University Cardinal batting - Pitching for Vanderbilt University Commodores : LHP Choji Tominaga
|
Pitching: RHP Alex de la Cruz
|
|
Batting: LHB Terry Bayer
|
0-0: Called Strike 0-1: Ball 1-1: SINGLE (Line Drive, 8LS, EV 91.2 MPH)
|
Pinch Hitting: LHB Chien Sam
|
0-0: Foul Ball, location: 2F 0-1: Ball 1-1: Fly out, F8 (Flyball, 8RXD, EV 101.2 MPH) Runner from 1st tags up, SAFE at 2nd
|
Pinch Hitting: LHB Bryan Davidson
|
0-0: Called Strike 0-1: Foul Ball, location: 2F 0-2: Fly out, F7 (Flyball, 7D, EV 98.8 MPH) Runner from 2nd tags up, SAFE at 3rd, no throw by LF
|
Batting: RHB Troy Bush
|
0-0: DOUBLE (Line Drive, 78D, EV 108.1 MPH) Terry Bayer scores
|
Pinch Runner at 2nd Kazumi Inouye:
|
|
Batting: RHB Joe Gabriel
|
0-0: Swinging Strike 0-1: Ball 1-1: Ball 2-1: Swinging Strike 2-2: Hit by Pitch
|
Batting: RHB Guillermo Puente
|
0-0: Called Strike 0-1: Ball 1-1: Fly out, F8 (Flyball, 8RM, EV 86.2 MPH)
|
Bottom of the 8th over - 1 run, 2 hits, 0 errors, 2 left on base; Vanderbilt University 5 - Stanford University 1 |
TOP OF THE 9TH |
Vanderbilt University Commodores batting - Pitching for Stanford University Cardinal : RHP Kyle Cannon
|
Pitching: RHP Steven Townsend
|
|
Now at 1B: Chien Sam
|
|
Now at 2B: Kazumi Inouye
|
|
Now in RF: Bryan Davidson
|
|
Batting: LHB Raul Aldaz
|
0-0: Ball 1-0: Swinging Strike 1-1: SINGLE (Line Drive, 8RS, EV 114.4 MPH)
|
Batting: SHB Felipe Campanella
|
0-0: Ball 1-0: Ball 2-0: Called Strike 2-1: Ball 3-1: Base on Balls Raul Aldaz to second
|
Pinch Hitting: RHB Edwin Sierra
|
0-0: Sac Bunt to 15S - play at first, batter OUT! 1-3 Raul Aldaz to third Felipe Campanella to second
|
Batting: LHB Nate Greening
|
0-0: Ball 1-0: Ball 2-0: Foul Ball, location: 2F 2-1: Ball 3-1: Foul Ball, location: 2F 3-2: Base on Balls
|
Batting: LHB Mario Garza
|
0-0: Called Strike 0-1: Swinging Strike 0-2: Ball Wild Pitch! Raul Aldaz scores Felipe Campanella to third Nate Greening to second 1-2: Ball 2-2: Ball 3-2: Foul Ball, location: 2F 3-2: Base on Balls
|
Batting: RHB Luis Jara
|
0-0: Ball 1-0: Called Strike 1-1: Fly out, F8 (Flyball, 78M, EV 84.4 MPH) Runner from 3rd tags up, SCORES, throw by CF
|
Pitching: LHP Marco Mendez
|
|
Batting: LHB Pete Mitchell
|
0-0: DOUBLE (Line Drive, 7LS, EV 93.1 MPH) Nate Greening scores Mario Garza to third Runner from 3rd tries for Home, SAFE, throw by LF to home
|
Batting: RHB Gary Smith
|
0-0: Fly out, F8 (Flyball, 8LD, EV 98.1 MPH)
|
Top of the 9th over - 4 runs, 2 hits, 0 errors, 1 left on base; Vanderbilt University 9 - Stanford University 1 |
BOTTOM OF THE 9TH |
Stanford University Cardinal batting - Pitching for Vanderbilt University Commodores : RHP Alex de la Cruz
|
Now at 1B: Edwin Sierra
|
|
Pinch Hitting: LHB Ryan Rogers
|
0-0: Ball 1-0: Ball 2-0: Ball 3-0: Base on Balls
|
Pinch Hitting: RHB Willie Carmona
|
0-0: Hit by Pitch Ryan Rogers to second
|
Batting: RHB Robert Mason
|
0-0: Ball 1-0: Called Strike 1-1: Ball 2-1: Grounds into double play, 4-6-3 (Groundball, 4, EV 108.8 MPH) Ryan Rogers to third
|
Pitching: RHP Milutin Mladjenovic
|
|
Batting: LHB Terry Bayer
|
0-0: Called Strike 0-1: Foul Ball, location: 2F 0-2: Ball 1-2: Foul Ball, location: 2F 1-2: Strikes out swinging
|
Bottom of the 9th over - 0 runs, 0 hits, 0 errors, 1 left on base; Vanderbilt University 9 - Stanford University 1 |
|